 Dungeon Crawl Stone Soup version 0.24.0-2-g5b39cebb1c (webtiles) character file.

Game seed: 5270760952848478800, levelgen mode: deterministic

63 Lanoc the Cudgeler (level 3, -4/33 HPs)
             Began as a Draconian Chaos Knight on Oct 31, 2019.
             Was a Plaything of Xom.
             Slain by an orc
             ... wielding a +0 club
              (5 damage)
             ... on level 3 of the Dungeon.
             The game lasted 00:01:47 (638 turns).

Lanoc the Cudgeler (Draconian Chaos Knight)          Turns: 638, Time: 00:01:48

Health: -4/33      AC:  5    Str: 14    XL:     3   Next: 89%
Magic:  3/3        EV: 12    Int: 12    God:    Xom [......]
Gold:   60         SH:  0    Dex: 11    Spells: 2/2 levels left

rFire    . . .     SeeInvis .   a - +0 mace (chaos)
rCold    . . .     Gourm    .   (no shield)
rNeg     . . .     Faith    .   (armour unavailable)
rPois    .         Spirit   .   (helmet restricted)
rElec    .         Reflect  .   (no cloak)
rCorr    .         Harm     .   (no gloves)
MR       .....                  (no boots)
Stlth    +.........             (no amulet)
HPRegen  0.11/turn              (no ring)
MPRegen  0.08/turn              (no ring)

@: no status effects
A: unfitting armour, cold-blooded, AC +5
a: Renounce Religion


You were on level 3 of the Dungeon.
You worshipped Xom.
You were a very special plaything of Xom.
You were not hungry.

You visited 1 branch of the dungeon, and saw 3 of its levels.

You collected 60 gold pieces.

Inventory:

Hand Weapons
 a - a +0 mace of chaos (weapon)
Comestibles
 b - 3 rations


   Skills:
 + Level 3.9 Fighting
 * Level 4.0 Maces & Flails
 + Level 2.7 Dodging


You had 2 spell levels left.
You didn't know any spells.
Your spell library was empty.

Dungeon Overview and Level Annotations

Branches:
Dungeon (3/15)

Altars:
Uskayaw

Annotations:
D:2 Jessica


Innate Abilities, Weirdness & Mutations

Your plain brown scales are hard. (AC +5)
You cannot fit into any form of body armour.
You are cold-blooded and may be slowed by cold attacks.


Message History

The boomerang hits you but does no damage.
The weapon returns to the orc!
You see here a bat corpse.
The orc priest invokes the aid of Beogh against you.
Beogh smites you!
* * * LOW HITPOINT WARNING * * *
The orc throws a boomerang.
The boomerang barely misses you.
The weapon returns to the orc!
As you read the scroll labeled APUDUN CIKHLA, it crumbles to dust.
It is a scroll of identify.
You don't have any unidentified items.
The goblin misses you. The orc hits you but does no damage.
The orc throws a boomerang.
The boomerang closely misses you.
The weapon returns to the orc!
The orc closely misses you.
The orc throws a boomerang.
The boomerang barely misses you.
The weapon returns to the orc!
The goblin closely misses you.
You barely miss the orc priest. The orc priest closely misses you.
The orc hits you with a +0 club.
You die...
Xom snickers!

########
##....[.##
##......<.##
#....o.†...#
#...@g.....#
#..$ooo....#
#....$.....#
#..........#
##........##
#..........#
#..........#
#...........


You could see an orc priest, 3 orcs and a goblin.

Vanquished Creatures
  An iguana (D:2)
  2 leopard geckos (D:1)
  An orc (D:3)
  A ball python (D:1)
  4 giant cockroaches (D:1)
  A goblin (D:1)
  A hobgoblin (D:2)
  11 jackals (D:2)
  A quokka (D:2)
  2 bats
  3 rats
28 creatures vanquished.

Notes
Turn   | Place    | Note
-------+----------+-------------------------------------------
     0 | D:1      | Lanoc the Draconian Chaos Knight began the quest for the
                  | Orb.
     0 | D:1      | Reached XP level 1. HP: 19/19 MP: 1/1
    59 | D:1      | Reached XP level 2. HP: 24/26 MP: 2/2
   193 | D:2      | XOM: silly message
   206 | D:2      | XOM: blink monster(s)
   210 | D:2      | Noticed Jessica
   251 | D:2      | XOM: 1-stop teleportation journey
   444 | D:2      | Reached XP level 3. HP: 31/31 MP: 3/3
   460 | D:2      | Reached skill level 4 in Maces & Flails
   611 | D:2      | Noticed a shapeshifter
   611 | D:2      | a jackal changed into a shapeshifter
   611 | D:2      | Noticed a soldier ant
   611 | D:2      | a shapeshifter changed into a soldier ant
   622 | D:2      | Found a hide-covered altar of Uskayaw.
   634 | D:3      | HP: 1/33 [orc priest/divine providence (13)]
   638 | D:3      | Slain by an orc

Levels and vault maps discovered:
D:1:      minmay_arrival_semitransparent, layout_basic
D:2:      layout_basic, grunt_qazlal_clouds, gammafunk_temple_overflow_wave,
          overflow_temple_1_default, uniq_jessica
D:3:      layout_rooms, ebering_ghost_sewer_d, corexii_hall_statues_l,
          dk_xom_monty_hall

Skill      XL: |  1  2  3 |
---------------+----------+-----
Maces & Flails | 4 |  4.0
Fighting       | |  3.9
Dodging        | |  2.7

Action                   || total
-------------------------++-------
Melee: Mace              ||    85
       Tailslap          ||     6
  Use: Potion            ||     2
       Scroll            ||     1
Armor: Skin              ||    39
Dodge: Dodged            ||   118
